AoeStats
← reeree

Arabia

510090577Analyzed
1v1 RM · 2d ago on Sep 29, 2026· 59m 29s· 2 players
Game mode
Random Map
Map size
Tiny (2 player)
Population
200
Speed
Normal
Resources
Standard
Victory
Conquest
Starting age
Dark Age
Ending age
Imperial Age
RankedLock teamsTeams togetherTeam positionsShared explorationLock speedFull tech treeHidden civsTurbo modeCheats
Victory
Defeat
🇨🇴 Persians · Colombia
1096
+17
🇦🇺 Magyars · Australia
1116
-17
Reibud
7:25 Loom
10:22 Feudal Age
17:57 Castle Age
21:16 Gold Mining
21:12 Double-Bit Axe
21:08 Horse Collar
21:55 Scale Barding Armor
22:03 Bow Saw
24:57 Gold Shaft Mining
24:25 Heavy Plow
25:15 Wheelbarrow
25:31 Bloodlines
25:22 Husbandry
26:16 Hand Cart
27:05 Stone Mining
28:43 Stone Shaft Mining
32:50 Imperial Age
30:46 Town Watch
31:56 Elite Skirmisher
33:47 Padded Archer Armor
33:38 Fletching
35:00 Chemistry
34:45 Town Patrol
35:12 Leather Archer Armor
35:55 Ballistics
35:46 Masonry
35:33 Bodkin Arrow
35:09 Heavy Camel Rider
37:29 Ring Archer Armor
38:54 Architecture
38:20 Murder Holes
38:48 Conscription
38:29 Kamandaran
39:07 Hoardings
39:49 Two-Man Saw
39:20 Crop Rotation
38:24 Light Cavalry
41:02 Fervor
40:22 Hussar
42:54 Chain Barding Armor
42:45 Forging
45:39 Plate Barding Armor
45:40 Iron Casting
45:35 Crossbowman
46:21 Thumb Ring
50:00 Blast Furnace
reeree
6:03 Loom
6:07 Loom
10:26 Feudal Age
10:56 Double-Bit Axe
13:15 Bloodlines
14:45 Scale Barding Armor
22:27 Castle Age
20:49 Fletching
21:48 Gold Mining
22:22 Padded Archer Armor
23:18 Bodkin Arrow
23:27 Husbandry
23:46 Leather Archer Armor
25:47 Wheelbarrow
27:32 Ballistics
30:19 Bow Saw
31:33 Thumb Ring
32:14 Hand Cart
31:47 Horse Collar
34:16 Heavy Plow
35:36 Pikeman
36:26 Scale Mail Armor
39:56 Imperial Age
37:58 Chain Mail Armor
38:04 Chain Barding Armor
38:12 Town Watch
38:41 Corvinian Army
41:17 Plate Barding Armor
41:18 Conscription
42:29 Two-Man Saw
43:04 Chemistry
42:41 Bracer
43:10 Parthian Tactics
43:57 Ring Archer Armor
44:03 Crop Rotation
44:27 Recurve Bow
44:24 Murder Holes
45:34 Masonry
46:23 Gold Shaft Mining
45:39 Stone Mining
46:29 Town Patrol
50:50 Heavy Cavalry Archer
51:19 Halberdier
Connection lost

Rejoining the realm…

Still unreachable

The connection could not be restored.

Session expired

The server has moved on; the page needs a fresh start.